 Dungeon Crawl Stone Soup version bcrawl-1.15-1-g696c4cd9b6 (webtiles) character file.

Game seed: 10219346476378394893

34 Chiseanne the Ducker (level 3, -4/27 HPs)
             Began as a Mummy Archaeologist on Sept 23, 2019.
             Slain by a gnoll
             ... wielding a cursed +0 spear
              (8 damage)
             ... on level 2 of the Dungeon.
             The game lasted 00:02:38 (1201 turns).

Chiseanne the Ducker (Mummy Archaeologist)          Turns: 1201, Time: 00:02:39

Health: -4/27      AC: 10    Str: 14    XL:     3   Next: 14%
Magic:  3/3        EV: 10    Int: 13    God:
Gold:   93         SH:  0    Dex: 11    Spells: 2/2 levels left

rFire    x . .     SeeInvis .   l - +0 short sword
rCold    + . .     Gourm    .   (no shield)
rNeg     + + +     Faith    .   j - +1 scale mail
rPois    ∞         Spirit   .   c - +1 hat
rElec    .         Reflect  .   (no cloak)
rCorr    .         Harm     .   (no gloves)
MR       .....     Clarity  +   d - +1 pair of boots
Stlth    +.........             (no amulet)
HPRegen  0.09/turn              (no ring)
MPRegen  0.08/turn              (no ring)

@: studying Polearms
A: no food or potions, fire vulnerability, clarity, cold resistance 1, negative
energy resistance 3, torment resistance, unbreathing
a: no special abilities


You were on level 2 of the Dungeon.
You were not hungry.

You visited 1 branch of the dungeon, and saw 3 of its levels.

You collected 93 gold pieces.

Inventory:

Hand Weapons
 l - a +0 short sword (weapon)
Missiles
 k - 262 sling bullets
 m - 192 arrows
 p - 136 poisoned needles
Armour
 a - a +0 shield
 c - a +1 hat (worn)
 d - a +1 pair of boots (worn)
 h - a +0 ring mail
 j - a +1 scale mail (worn)
Scrolls
 b - 2 scrolls of identify {unknown}
 g - 2 scrolls of enchant armour
 i - a scroll of remove curse {unknown}
 n - a scroll of blinking {unknown}
 o - a scroll of magic mapping {unknown}
Books
 e - a manual of Polearms
Miscellaneous
 f - an ancient crate


   Skills:
 - Level 2.0 Fighting
   Level 0.7 Maces & Flails
 + Level 0.7 Polearms
 - Level 0.5 Armour
 - Level 2.9 Dodging
 - Level 2.6 Stealth


You had 2 spell levels left.
You didn't know any spells.
Your spell library was empty.

Dungeon Overview and Level Annotations

Branches:
Dungeon (3/12)

Altars:
Qazlal

Annotations:
D:2 Sigmund


Innate Abilities, Weirdness & Mutations

You do not eat or drink.
Your flesh is vulnerable to fire.
You are immune to poison.
You possess an exceptional clarity of mind.
Your flesh is cold resistant. (rC+)
You are immune to negative energy. (rN+++)
You are immune to unholy pain and torment.
You can survive without breathing.


Message History

The gnoll hits you with a cursed -2 club.
A gnoll comes into view. It is wielding a +0 flail.
The gnoll shouts!
You hit the gnoll.
The gnoll is severely wounded.
The gnoll hits you with a cursed +0 spear.
* * * LOW HITPOINT WARNING * * *
The gnoll hits you but does no damage.
You hit the gnoll but do no damage.
The gnoll is severely wounded.
The gnoll barely misses you. The gnoll hits you but does no damage.
You hit the gnoll but do no damage.
The gnoll is severely wounded.
The gnoll hits you but does no damage. The gnoll barely misses you.
The kobold throws a stone.
The stone hits you but does no damage. The gnoll hits you but does no damage.
As you open the door, it creaks loudly!
The kobold throws a stone.
The stone hits you but does no damage.
The gnoll hits you from afar with a cursed +0 spear!
You die...

.. .. .. .# .# .#
##'## ##@..##
##g....##
##.gK....## #..##
###..g......####...#
.'.........'.......
###.........####...#
##....%..## #.. #
##.....## #.#
##...## #.#


You could see 3 gnolls and a kobold.

Vanquished Creatures
  A dart slug (D:1)
  A leopard gecko (D:1)
  3 bats
  2 giant cockroaches (D:1)
  2 goblins (D:1)
  5 hobgoblins
  4 jackals (D:1)
  2 quokkas
  3 frilled lizards (D:1)
  A kobold (D:1)
  2 rats (D:1)
26 creatures vanquished.

Notes
Turn   | Place    | Note
-------+----------+-------------------------------------------
     0 | D:1      | Chiseanne the Mummy Archaeologist began the quest for the
                  | Orb.
     0 | D:1      | Reached XP level 1. HP: 15/15 MP: 1/1
   324 | D:1      | Reached XP level 2. HP: 14/21 MP: 2/2
   987 | D:2      | Noticed Sigmund
   994 | D:2      | You fall into a shaft and drop 1 floor!
  1001 | D:3      | Reached XP level 3. HP: 27/27 MP: 3/3
  1107 | D:3      | Found a stormy altar of Qazlal.
  1201 | D:2      | Slain by a gnoll

Skill      XL: |  1  2 |
---------------+-------+-----
Fighting       | 2 |  2.0
Maces & Flails | |  0.7
Polearms       | |  0.7
Armour         | |  0.5
Dodging        | |  2.9
Stealth        | |  2.6

Action                   || total
-------------------------++-------
Melee: Whip              ||    96
       Short sword       ||    57
  Use: Scroll            ||     1
 Stab: Sleeping          ||     2
Armor: Robe              ||    17
       Ring mail         ||    12
       Scale mail        ||    52
Dodge: Dodged            ||   133
